 Dungeon Crawl Stone Soup version 0.26-a0-658-gbdda728c12 (webtiles) character file.

Game seed: 3619087911951848372

4102 Grim the Basher (level 10, -2/153 HPs)
             Began as an Ogre Berserker on Oct 5, 2020.
             Was an Elder of Trog.
             Slain by a troll (3 damage)
             ... on level 8 of the Dungeon.
             The game lasted 00:24:37 (9049 turns).

Grim the Basher (Ogre Berserker)                    Turns: 9049, Time: 00:24:40

Health: -2/153     AC:  5    Str: 29    XL:     10   Next: 26%
Magic:  19/19      EV: 10    Int:  8    God:    Trog [****..]
Gold:   82         SH:  0    Dex: 11    Spells: 9/9 levels left

rFire    . . .     SeeInvis .   N - +3 flail (holy)
rCold    . . .     Faith    .   (no shield)
rNeg     . . .     Spirit   .   n - +0 troll leather armour {Purgy}
rPois    .         Reflect  .   (helmet restricted)
rElec    .         Harm     .   m - scarf {shadows}
rCorr    .         Rampage  .   (gloves unavailable)
MR       +....                  (boots unavailable)
Stlth    ..........             (no amulet)
HPRegen  0.75/turn              v - +6 ring of strength
MPRegen  0.16/turn              a - ring of magical power

@: berserking, drained, very quick
A: large, unfitting armour, tough skin 1
a: Berserk, Trog's Hand, Brothers in Arms, Renounce Religion


You were on level 8 of the Dungeon.
You worshipped Trog.
Trog was greatly pleased with you.
You visited 1 branch of the dungeon, and saw 8 of its levels.
You also visited: Sewer.

You collected 314 gold pieces.
You spent 232 gold pieces at shops.

Inventory:

Hand Weapons
 C - a +0 giant club
 N - a +3 flail of holy wrath (weapon)
 P - the +8 mace "Ninat" {venom, Dex+2}
   (You bought it in a shop on level 7 of the Dungeon)

   It poisons the flesh of those it strikes.
   It affects your dexterity (+2).
Missiles
 s - 12 poisoned darts (quivered)
 E - 6 javelins
 F - 7 atropa-tipped darts
 J - 14 boomerangs
Armour
 b - a +0 animal skin
 l - a +0 cloak
 m - a scarf of shadows (worn)
 n - a +0 troll leather armour (worn) {Purgy}
 x - a +0 robe
Jewellery
 a - a ring of magical power (right hand)
 v - a +6 ring of strength (left hand)
Wands
 r - a wand of flame (14)
 t - a wand of disintegration (6)
 u - a wand of paralysis (9)
 G - a wand of iceblast (13)
 M - a wand of random effects (11)
Scrolls
 e - 2 scrolls of amnesia
 h - 6 scrolls of teleportation
 i - a scroll of acquirement {unknown}
 j - a scroll of fog
 y - 2 scrolls of fear {unknown}
 A - 2 scrolls of blinking {unknown}
 B - 8 scrolls of remove curse {unknown}
 H - 2 scrolls of identify
 I - a scroll of magic mapping {unknown}
 O - a scroll of vulnerability {unknown}
 Q - a scroll of noise {unknown}
Potions
 c - 3 potions of curing
 d - 3 potions of lignification
 f - 2 potions of stabbing {unknown}
 g - a potion of degeneration {unknown}
 k - 2 potions of magic
 o - 2 potions of brilliance {unknown}
 p - 2 potions of flight {unknown}
 q - a potion of invisibility
 w - 3 potions of heal wounds
 z - 2 potions of ambrosia
 D - a potion of might {unknown}
 K - a potion of berserk rage
 L - a potion of haste {unknown}


   Skills:
 + Level 7.5(6.8) Fighting
 * Level 12.2(11.3) Maces & Flails
 - Level 2.6(2.0) Armour
 - Level 2.6(2.0) Dodging


You had 9 spell levels left.
You didn't know any spells.
Your spell library was empty.

Dungeon Overview and Level Annotations

Branches:
Dungeon (8/15)             Temple (0/1) D:7            Lair (0/6) D:8
  Sewer (visited)

Altars:
Cheibriados
Elyvilon
Fedhas
Nemelex Xobeh
Qazlal
Sif Muna
Trog
Uskayaw
Vehumet
Xom
Yredelemnul
Zin

Shops:
D:7 (

Annotations:
D:7 1 runed translucent door


Innate Abilities, Weirdness & Mutations

You are too large for most types of armour.
You have tough skin. (AC +1)


Message History

* * * LOW HITPOINT WARNING * * *
You barely miss the troll.
The troll is almost dead.
The troll bites you!
* * * LOW HITPOINT WARNING * * *
The troll claws you.
* * * LOW HITPOINT WARNING * * *
The troll claws you.
* * * LOW HITPOINT WARNING * * *
You feel much better. The troll bites you.
* * * LOW HITPOINT WARNING * * *
The troll closely misses you. The troll claws you!
* * * LOW HITPOINT WARNING * * *
A red film seems to cover your vision as you go berserk!
You feel yourself moving faster!
You feel mighty! The troll bites you!
* * * LOW HITPOINT WARNING * * *
The troll claws you!
* * * LOW HITPOINT WARNING * * *
The troll claws you.
You die...

#......# ###...####
#.....###...#..#
.......#......#
#:.....#......#
#....>.#......#
#......#......# #...#
#.##..####
###@..####.#####..#
.....T.........[.....#
.....................#
...........[.........#
.....................#
.....................##
................≈......
.#....≈.......≈.≈...
.≈≈≈..≈≈.≈≈≈..≈


You could see a troll.

Vanquished Creatures
  Edmund (D:6)
  3 soldier ants (D:7)
  4 water moccasins
  Purgy (Sewer)
  An orc warrior (D:8)
  An ice beast (D:5)
  3 ogres
  A wolf (D:8)
  2 centaurs
  5 bullfrogs
  A wyvern skeleton (D:6)
  2 scorpions
  9 killer bees (D:7)
  4 wights (D:8)
  A howler monkey (D:5)
  3 electric eels (D:8)
  6 hounds
  2 centaur zombies (D:5)
  A bullfrog skeleton (D:7)
  3 orc priests
  3 iguanas
  5 orc wizards
  Natasha (D:3)
  9 worker ants
  A hound zombie (D:7)
  3 gnolls (D:8)
  13 adders
  2 white imps
  An ufetubus (D:8)
  An ooze (D:2)
  2 adder zombies (D:6)
  6 worms
  2 dart slugs
  6 leopard geckos
  27 orcs
  4 bats
  7 giant cockroaches
  7 goblins
  6 hobgoblins
  4 jackals
  3 quokkas
  2 ball pythons (D:3)
  3 frilled lizards
  10 kobolds
  11 rats
  A spectral orc (D:2)
194 creatures vanquished.

Vanquished Creatures (collateral kills)
  A centaur (D:8)
  2 ogres (D:8)
  2 hounds (D:8)
  A bullfrog skeleton (D:8)
6 creatures vanquished.

Grand Total: 200 creatures vanquished

Notes
Turn   | Place    | Note
-------+----------+-------------------------------------------
     0 | D:1      | Grim the Ogre Berserker began the quest for the Orb.
     0 | D:1      | Reached XP level 1. HP: 24/24 MP: 1/1
   272 | D:1      | Reached skill level 3 in Maces & Flails
   355 | D:1      | Reached XP level 2. HP: 6/32 MP: 2/2
   951 | D:1      | Found a sparkling altar of Nemelex Xobeh.
   953 | D:1      | Found a shimmering blue altar of Sif Muna.
   953 | D:1      | Found a radiant altar of Vehumet.
   955 | D:1      | Found a radiant altar of Vehumet.
   955 | D:1      | Found a shimmering altar of Xom.
   955 | D:1      | Found a blossoming altar of Fedhas.
  1254 | D:2      | Reached XP level 3. HP: 26/39 MP: 3/3
  1439 | D:2      | Reached skill level 4 in Maces & Flails
  1664 | D:2      | Reached ** piety under Trog
  1943 | D:2      | Reached XP level 4. HP: 48/48 MP: 4/4
  2039 | D:2      | Found a basalt altar of Yredelemnul.
  2363 | D:3      | Found a faded altar of an unknown god.
  2496 | D:3      | Reached skill level 5 in Maces & Flails
  2774 | D:3      | Reached XP level 5. HP: 54/54 MP: 5/5
  2900 | D:3      | Noticed a moth of wrath
  2901 | D:3      | Noticed Natasha
  2911 | D:3      | Killed Natasha
  2953 | D:3      | Found a bloodstained altar of Trog.
  3916 | D:4      | Found a glowing drain.
  3919 | D:4      | Reached *** piety under Trog
  4040 | Sewer    | Entered a sewer
  4043 | Sewer    | Noticed Purgy
  4052 | Sewer    | Killed Purgy
  4052 | Sewer    | Reached skill level 6 in Maces & Flails
  4052 | Sewer    | Reached XP level 6. HP: 61/62 MP: 6/6
  4958 | D:4      | Found a snail-covered altar of Cheibriados.
  5166 | D:5      | Entered Level 5 of the Dungeon
  5239 | D:5      | Noticed an ice beast
  5254 | D:5      | Killed an ice beast
  5254 | D:5      | Reached skill level 7 in Maces & Flails
  5254 | D:5      | Reached XP level 7. HP: 41/70 MP: 7/7
  5529 | D:5      | Reached skill level 8 in Maces & Flails
  5692 | D:5      | Reached XP level 8. HP: 78/78 MP: 8/8
  6151 | D:6      | Found a shimmering altar of Xom.
  6152 | D:6      | Noticed an angel
  6177 | D:6      | Found a glowing silver altar of Zin.
  6206 | D:6      | Reached skill level 9 in Maces & Flails
  6514 | D:6      | Noticed Edmund
  6520 | D:6      | Killed Edmund
  6651 | D:6      | Reached skill level 10 in Maces & Flails
  7045 | D:7      | Found a staircase to the Ecumenical Temple.
  7137 | D:7      | Found the +9 staff of Olgreb {rPois∞}
  7147 | D:7      | Found a runed translucent door.
  7165 | D:7      | Found a runed translucent gate.
  7176 | D:7      | Found a runed translucent gate.
  7176 | D:7      | Found a runed translucent gate.
  7184 | D:7      | Found a runed translucent door.
  7219 | D:7      | Reached XP level 9. HP: 82/84 MP: 9/9
  7223 | D:7      | Reached skill level 1 in Armour
  7306 | D:7      | Found a hide-covered altar of Uskayaw.
  7310 | D:7      | Noticed a +0 hand axe
  7310 | D:7      | Noticed a +0 dagger
  7396 | D:7      | Reached **** piety under Trog
  7606 | D:7      | Found a sparkling altar of Nemelex Xobeh.
  7753 | D:7      | Found Puq Nikh's Antique Weapon Boutique.
  7760 | D:7      | Bought a brightly glowing mace for 232 gold pieces
  7760 | D:7      | Identified the +8 mace "Ninat" {venom, Dex+2} (You bought
                  | it in a shop on level 7 of the Dungeon)
  7893 | D:7      | Found a stormy altar of Qazlal.
  7894 | D:7      | Found a white marble altar of Elyvilon.
  8013 | D:7      | Reached skill level 11 in Maces & Flails
  8013 | D:7      | Reached skill level 5 in Fighting
  8210 | D:7      | Reached XP level 10. HP: 100/100 MP: 10/10
  8524 | D:8      | Found a snail-covered altar of Cheibriados.
  8541 | D:8      | Reached skill level 12 in Maces & Flails
  8773 | D:8      | Found a staircase to the Lair.
  9049 | D:8      | HP: 1/153 [troll (11)]
  9049 | D:8      | Slain by a troll

Illustrated notes

Levels and vault maps discovered:
D:1:      minmay_arrival_stair_chambers, layout_basic, st_stairs_12,
          doesnt_xom_only_xom
D:2:      layout_basic, yredelemnul_forgotten_temple_becter
D:3:      layout_loops_ring, chequers_ecumenical_altar_simple_redux, tgw_trog,
          uniq_natasha
D:4:      layout_loops_ring, gup_sewer_entry_bubbles, minmay_crystal_water,
          kennysheep_slug_shrine
D:5:      layout_cave_pools
D:6:      layout_basic, grunt_temple_overflow_order_and_chaos_1, uniq_edmund
D:7:      layout_basic, nemelex_xobeh_ov_fountains_minmay,
          dancing_weapons_uskayaw, gammafunk_temple_overflow_wave,
          minmay_temple_entry_glass, serial_shops, shop,
          minmay_guarded_unrand_staff_of_olgreb
D:8:      layout_gridville, overflow_temple_1_default, erik_lair_island

Skill      XL: |  1  2  3  4  5  6  7  8  9 10 |
---------------+-------------------------------+-----
Maces & Flails | 3 4 5 6 7 8 10 11 12 | 12.2
Armour         | 2 |  2.6
Fighting       | 6 7 |  7.5
Dodging        | |  2.6

Action                   |  1- 3 |  4- 6 |  7- 9 | 10-12 || total
-------------------------+-------+-------+-------+-------++-------
Melee: Mace              |   110 |   255 |   142 |    41 ||   548
       Flail             |       |       |   104 |    28 ||   132
Throw: Dart              |       |       |    15 |     1 ||    16
Invok: Berserk           |     1 |     6 |     7 |     2 ||    16
       Trog's Hand       |       |     1 |     2 |     2 ||     5
       Brothers in Arms  |       |       |     1 |     1 ||     2
Evoke: Wand              |       |       |     1 |       ||     1
  Use: Scroll            |       |     9 |     3 |     1 ||    13
       Potion            |       |       |     2 |     1 ||     3
 Stab: Distracted        |       |     1 |       |       ||     1
       Invisible         |       |       |     2 |       ||     2
Armor: Animal skin       |    38 |    30 |       |       ||    68
       Troll leather arm |       |    26 |    52 |    14 ||    92
Dodge: Dodged            |    57 |    96 |   123 |    37 ||   313

Table legend: (Time is in decaauts)
 A = Elapsed time spent in this place.
 B = Non-inter-level travel time spent in this place.
 C = Inter-level travel time spent in this place.
 D = Time resting spent in this place.
 E = Time spent auto-exploring this place.
 F = Levels seen in this place.
 G = Mean time per level.
                   A        B        C        D        E       F      G
               +--------+--------+--------+--------+--------+-----+--------+
         Total |   9238 |   9084 |    154 |   3279 |   4116 |   9 | 1026.4 |
       Dungeon |   8966 |   8812 |    154 |   3194 |   4006 |   8 | 1120.8 |
         Sewer |    272 |    272 |      0 |     84 |    110 |   1 |  272.0 |
               +--------+--------+--------+--------+--------+-----+--------+

Top non-repeatable levels by time:
     D:3: 1765 daAuts
     D:7: 1342 daAuts
     D:1: 1266 daAuts
     D:4: 1141 daAuts
     D:6: 1024 daAuts
     D:5: 887 daAuts
     D:2: 865 daAuts
     D:8: 672 daAuts
   Sewer: 272 daAuts
